cohdb
Replays
Latest Replays
All Replays
Popular Replays
Top Player Replays
Match Explorer
How It Works
Community
CoH3 Stats
Reddit
Sign in to upload your games and track your stats! →
Sign in with Steam
Match 41543923
Unlisted
Match 41543923
Overview
Messages
Build Orders
End
Royal Engineer Section
Construct Section Command Post
Selects Canadian Shock Battlegroup
Dingo Light Scout Car
ML 3-inch Mortar Team
Vickers Machine Gun Team
Selects Offensive Resupply
Selects Canadian Shock Section
Canadian Shock Section
Construct Field Infirmary
Construct Platoon Command Post
Infantry Training
Selects Burnout
Unlock M3 Stuart Light Tanks
M3 Stuart Light Tank
Canadian Shock Section
Vickers Machine Gun Team
Burnout
Construct Company Command Post
Selects Pyrotechnics
Burnout
Matilda II Heavy Tank
jimywins
MJP919
Makoto
Fruti2k
Gosling Svodovich
KotJ44
0
0
Comments
sign in to comment!
No comments posted yet!